 Dungeon Crawl Stone Soup version 0.28-a0-1080-g05a166d0ed (webtiles) character file.

Game seed: 2249603022550583895

242 spaghetti the Slasher (level 6, -1/84 HPs)
             Began as a Naga Berserker on Dec 10, 2021.
             Was a Follower of Trog.
             Slain by Pikel (5 damage)
             ... on level 4 of the Dungeon.
             The game lasted 00:02:47 (3070 turns).

spaghetti the Slasher (Naga Berserker)              Turns: 3070, Time: 00:02:48

Health: -1/84      AC: 10    Str: 21    XL:     6   Next: 9%
Magic:  6/6        EV:  6    Int:  8    God:    Trog [*.....]
Gold:   100        SH:  0    Dex: 10    Spells: 5/5 levels left

rFire   . . .      SeeInvis +   a - +0 falchion
rCold   . . .      Faith    .   (no shield)
rNeg    . . .      Spirit   .   j - +3 chain mail
rPois   +          Reflect  .   (no helmet)
rElec   .          Harm     .   i - +0 cloak
rCorr   .          Rampage  .   (no gloves)
Will    +....                   (no barding)
Stlth   ..........              (no amulet)
HPRegen 0.24/turn               b - ring of willpower
MPRegen 0.10/turn               (no ring)

@: berserking, quick
A: AC +2, large, see invisible, deformed body, poison resistance, slowness 2,
spit poison 1, naga tail 1
a: Spit Poison, Renounce Religion, Berserk


You were on level 4 of the Dungeon.
You worshipped Trog.
Trog was aware of your devotion.
You visited 1 branch of the dungeon, and saw 4 of its levels.

You collected 100 gold pieces.

Inventory:

Hand Weapons
 a - a +0 falchion (weapon)
Armour
 i - a +0 cloak (worn)
 j - a +3 chain mail (worn)
Jewellery
 b - a ring of willpower (left hand)
Wands
 m - a wand of mindburst (20)
 o - a wand of iceblast (8)
Scrolls
 d - a scroll of amnesia {unknown}
 e - a scroll of brand weapon {unknown}
 g - 3 scrolls of teleportation {unknown}
 l - a scroll of identify {unknown}
Potions
 c - a potion of heal wounds {unknown}
 f - 2 potions of invisibility
 h - a potion of brilliance {unknown}
 k - a potion of degeneration {unknown}
 n - a potion of resistance {unknown}


   Skills:
 - Level 3.0 Fighting
 + Level 6.6 Long Blades
 - Level 1.5 Armour
 - Level 1.5 Dodging


You had 5 spell levels left.
You didn't know any spells.
Your spell library was empty.

Dungeon Overview and Level Annotations

Branches:
Dungeon (4/15)
 Temple: D:4-7

Altars:

Annotations:
D:4 Pikel


Innate Abilities, Weirdness & Mutations

Your serpentine skin is tough. (AC +2)
You have supernaturally acute eyesight. (SInv)
Armour fits poorly on your strangely shaped body.
Your system is resistant to poisons. (rPois)
You cover ground very slowly.
You can spit poison.
You have a snake-like lower body.


Message History

Your chain mail prevents you from hitting Pikel.
The lemure barely misses you.
You miss Pikel. The lemure hits you but does no damage.
You slice Pikel!!
Pikel is heavily wounded.
Pikel hits you but does no damage.
You closely miss Pikel.
Pikel is heavily wounded.
The lemure hits you but does no damage.
Pikel hits you with a +1 whip of electrocution!
* * * LOW HITPOINT WARNING * * *
You slash Pikel!
Pikel is severely wounded.
The lemure hits you.
* * * LOW HITPOINT WARNING * * *
You slash the lemure!
The lemure is moderately wounded.
Pikel hits you with a +1 whip of electrocution.
* * * LOW HITPOINT WARNING * * *
You barely miss Pikel.
Pikel is severely wounded.
The lemure hits you but does no damage.
You closely miss Pikel.
Pikel is severely wounded.
Pikel hits you with a +1 whip of electrocution.
* * * LOW HITPOINT WARNING * * *
The lemure hits you but does no damage. The lemure hits you.
* * * LOW HITPOINT WARNING * * *
You slash Pikel!
Pikel is almost dead.
The lemure barely misses you.
Pikel hits you with a +1 whip of electrocution.
* * * LOW HITPOINT WARNING * * *
You hit Pikel but do no damage.
Pikel is almost dead.
The lemure barely misses you.
You closely miss Pikel.
Pikel is almost dead.
Pikel hits you with a +1 whip of electrocution.
You die...

#..........#.
#.#.......... ...
#.##.#####.#. ...
#............ $.#
#####.#####.# .. ..##.#
#.. #. #.##.# ##.
#.########.##.# #.
####+#.55@...##....# #.
........K#5.....#### #.
.........'......#########.
....)....#......#......##'
.........#......#.........
.........#......#.........
.........#......#.........
.........#......#.........
.........#......#......###


You could see Pikel (invisible) and 3 lemures.

Vanquished Creatures
  An ogre (D:4)
  A phantom (D:4)
  Terence (D:3)
  A gnoll (D:1)
  2 adders
  2 dart slugs
  5 ball pythons
  2 bats (D:1)
  3 endoplasms
  A giant cockroach (D:3)
  5 goblins
  A hobgoblin (D:1)
  4 kobolds
  2 quokkas
  2 frilled lizards
  4 rats
37 creatures vanquished.

Notes
Turn   | Place    | Note
-------+----------+-------------------------------------------
     0 | D:1      | spaghetti the Naga Berserker began the quest for the Orb.
     0 | D:1      | Reached XP level 1. HP: 21/21 MP: 1/1
   240 | D:1      | Reached XP level 2. HP: 11/28 MP: 2/2
  1061 | D:1      | Reached skill level 4 in Long Blades
  1061 | D:1      | Reached XP level 3. HP: 33/34 MP: 3/3
  1276 | D:2      | You fall into a shaft and drop 2 floors!
  1761 | D:3      | Noticed Terence
  1770 | D:3      | Killed Terence
  1771 | D:3      | Reached XP level 4. HP: 42/42 MP: 4/4
  1900 | D:3      | Reached skill level 5 in Long Blades
  2412 | D:4      | Noticed a phantom
  2422 | D:4      | Killed a phantom
  2423 | D:4      | Reached XP level 5. HP: 49/49 MP: 5/5
  2534 | D:4      | Noticed an ogre
  2542 | D:4      | Killed an ogre
  2543 | D:4      | Reached skill level 6 in Long Blades
  2543 | D:4      | Reached XP level 6. HP: 9/56 MP: 6/6
  3045 | D:4      | Noticed Pikel
  3068 | D:4      | HP: 3/84 [Pikel (6)]
  3070 | D:4      | Slain by Pikel

Illustrated notes

Levels and vault maps discovered:
D:1:      elethiomel_arrival_quiet, layout_loops_ring, serial_glass,
          glass_columns_a, glass_columns_a
D:2:      layout_rooms
D:3:      layout_loops_ring, uniq_terence
D:4:      layout_basic, kennysheep_another_room, minmay_hedge_maze, uniq_pikel

Skill      XL: |  1  2  3  4  5 |
---------------+----------------+-----
Long Blades    | 4 5 6 |  6.6
Fighting       | |  3.0
Armour         | |  1.5
Dodging        | |  1.5

Action                   |  1- 3 |  4- 6 || total
-------------------------+-------+-------++-------
Melee: Falchion          |    66 |    70 ||   136
Invok: Berserk           |     4 |     3 ||     7
 Abil: Spit Poison       |     3 |       ||     3
 Stab: Sleeping          |     2 |       ||     2
Armor: Animal skin       |     8 |       ||     8
       Chain mail        |       |    40 ||    40
Dodge: Dodged            |    26 |    25 ||    51

Table legend: (Time is in decaauts)
 A = Elapsed time spent in this place.
 B = Non-inter-level travel time spent in this place.
 C = Inter-level travel time spent in this place.
 D = Time resting spent in this place.
 E = Time spent auto-exploring this place.
 F = Levels seen in this place.
 G = Mean time per level.
                   A        B        C        D        E       F      G
               +--------+--------+--------+--------+--------+-----+--------+
         Total |   3761 |   3696 |     65 |    909 |   2421 |   4 |  940.2 |
       Dungeon |   3761 |   3696 |     65 |    909 |   2421 |   4 |  940.2 |
               +--------+--------+--------+--------+--------+-----+--------+

Top non-repeatable levels by time:
     D:1: 1542 daAuts
     D:4: 1120 daAuts
     D:3: 1077 daAuts
     D:2: 21 daAuts
